[Event "*** Titled Tuesday Blitz"]
[Site "Chess.com"]
[Date "2020.03.03"]
[Round "6"]
[White "HouseOfDurin"]
[Black "AndreyNeves"]
[Result "0-1"]
[WhiteElo "2071"]
[BlackElo "2195"]
[TimeControl "180+1"]
[EndTime "14:01:35 PST"]
[Termination "AndreyNeves won by checkmate"]

1. d4 Nf6 2. Bg5 g6 3. Bxf6 exf6 4. c4 Bg7 5. Nc3 O-O 6. g3 f5 7. e3 d6 8. Bg2 c6 9. Nge2 Nd7 10. O-O Nf6 11.
b4 a6 12. a4 Bd7 13. b5 axb5 14. axb5 Re8 15. Qc2 h5 16. h4 Ng4 17. Ra4 Rxa4 18. Qxa4 Qc7 19. Qa7 Bf6 20. Rb1 g5 21.
bxc6 Bxc6 22. Bxc6 Qxc6 23. Rxb7 gxh4 24. Rxf7 Qf3 25.
Nd1 Qxe2 26. Rh7 Qxd1+ 27. Kg2 h3+ 28. Kxh3 Qh1# 0-1

[Event "*** Titled Tuesday Blitz"]
[Site "Chess.com"]
[Date "2020.03.03"]
[Round "6"]
[White "SoltaniciR"]
[Black "Abund"]
[Result "1-0"]
[WhiteElo "2528"]
[BlackElo "2666"]
[TimeControl "180+1"]
[EndTime "14:01:38 PST"]
[Termination "SoltaniciR won on time"]

1. e4 c5 2. Nf3 Nc6 3. d4 cxd4 4. Nxd4 Nf6 5. Nc3 e5 6. Ndb5 d6 7. Bg5 a6 8. Na3 b5 9. Nd5 Be7 10. Bxf6 Bxf6 11. c4 b4 12. Nc2 O-O 13. Be2 a5 14. Qd3 Bg5 15. O-O Ne7 16. a3 Nxd5 17. cxd5 Ba6 18.
Qf3 Bxe2 19. Qxe2 Qb6 20. axb4 axb4 21. Qc4 Rac8 22. Qb3 Rc5 23. Ra4 Rb5 24. Rxb4 Rxb4 25. Qxb4 Qxb4 26. Nxb4 Rb8 27. Nd3 Rb3 28. Rd1 g6 29. g3 f5 30. f3 Be3+ 31. Kf1 Bd4 32. Ke2 Rb6 33. b4 Ra6 34. Rd2 Ra3 35. Rc2 Bc3 36.
b5 Rb3 37. Nc1 Rxb5 38. Rxc3 Rb2+ 39. Ke3 Rxh2 40. Rc6 Rg2 41. Ne2 fxe4 42. fxe4 h5 43. Rxd6 Kg7 44. Kf3 Rh2 45. Re6 1-0

[Event "*** Titled Tuesday Blitz"]
[Site "Chess.com"]
[Date "2020.03.03"]
[Round "6"]
[White "silverback96"]
[Black "INLOVEWITHF"]
[Result "0-1"]
[WhiteElo "2055"]
[BlackElo "2418"]
[TimeControl "180+1"]
[EndTime "14:01:44 PST"]
[Termination "INLOVEWITHF won by resignation"]

1. g3 d5 2. Bg2 g6 3. c4 Bg7 4.
cxd5 Nf6 5. Nc3 O-O 6. d4 c6 7. e4 cxd5 8. e5 Ne4 9. Nxe4 dxe4 10. Bxe4 Nc6 11. Ne2 Bg4 12. Be3 Bxe2 13. Kxe2 Qb6 14. Bxc6 bxc6 15. Qc2 f6 16. exf6 Bxf6 17. Rhc1 Rfc8 18.
Qc5 Qxb2+ 19. Kf3 e5 20. dxe5 Bxe5 21. Bh6 Rc7 22. Kg2 Rf7 23. Rab1 Qxa2 24. Qxc6 Rxf2+ 25. Kg1 Bd4 26. Qxa8+ Rf8+ 27. Kh1 Rxa8 28. Rb5 Qe2 29.
h4 Qxb5 30. Rc7 Qf1+ 31. Kh2 Bg1+ 0-1

[Event "*** Titled Tuesday Blitz"]
[Site "Chess.com"]
[Date "2020.03.03"]
[Round "6"]
[White "SloLev"]
[Black "goldenspine"]
[Result "1-0"]
[WhiteElo "2527"]
[BlackElo "2347"]
[TimeControl "180+1"]
[EndTime "14:01:46 PST"]
[Termination "SloLev won by resignation"]

1. e4 c6 2. d4 d5 3. exd5 cxd5 4. c4 Nf6 5. Nc3 Nc6 6. Be3 Bf5 7. Nf3 e6 8. Qb3 Bb4 9. a3 Bxc3+ 10. bxc3 O-O 11. c5 b6 12. Qa4 Na5 13. c6 Qc7 14. Ne5 Ne4 15.
Rc1 f6 16. Nd7 Rfd8 17. f3 Nd6 18. g4 Bg6 19. g5 Nxc6 20. Nxf6+ gxf6 21. gxf6 Nf5 22.
Bg5 Ncxd4 23. f7+ Kxf7 24. cxd4 Qd7 25. Bb5 Qd6 26. Rc6 Qf8 27. Rc7+ Kg8 28. Bd7 Be8 29.
Bxe6+ Kh8 30. Qc2 Bg6 31. Qe2 Nxd4 32. Qe5+ 1-0

[Event "*** Titled Tuesday Blitz"]
[Site "Chess.com"]
[Date "2020.03.03"]
[Round "6"]
[White "MiroVlasenko"]
[Black "Gordima"]
[Result "1-0"]
[WhiteElo "2652"]
[BlackElo "2781"]
[TimeControl "180+1"]
[EndTime "14:01:47 PST"]
[Termination "MiroVlasenko won on time"]

1. e4 e5 2. Nc3 Nf6 3. Bc4 Nc6 4. d3 Na5 5. Nge2 Bc5 6. Ng3 d6 7. O-O O-O 8. h3 c6 9. Qf3 h6 10. Nf5 Bxf5 11. Qxf5 Qe7 12. Kh2 Rad8 13. Bb3 d5 14. g4 Nxb3 15. axb3 dxe4 16. g5 Nh5 17. Nxe4 Bb6 18.
gxh6 g6 19. Rg1 Kh8 20. Qf3 Qe6 21. Be3 Bxe3 22. fxe3 a6 23. Rg5 f5 24. Nc5 Qe7 25.
Rag1 Qxc5 26. Rxg6 Nf6 27. Qxf5 Qxe3 28. Rxf6 1-0

[Event "*** Titled Tuesday Blitz"]
[Site "Chess.com"]
[Date "2020.03.03"]
[Round "6"]
[White "MathiasWomacka"]
[Black "aquaticpineapples"]
[Result "1-0"]
[WhiteElo "2394"]
[BlackElo "2250"]
[TimeControl "180+1"]
[EndTime "14:01:48 PST"]
[Termination "MathiasWomacka won by resignation"]

1. e4 d5 2. exd5 Qxd5 3. Nc3 Qa5 4. d4 Nf6 5. Nf3 Nc6 6. Bd2 a6 7. Bc4 Qh5 8. Ne5 Qxd1+ 9. Rxd1 Nd8 10. O-O e6 11. d5 b5 12. Bb3 b4 13. Ba4+ Ke7 14.
dxe6 bxc3 15. Bxc3 c5 16. exf7 Ne6 17. Rfe1 Bb7 18.
f4 Ne4 19. Rd7+ Kf6 20. Rxb7 Nxc3 21. bxc3 Bd6 22. Ng4+ Kg6 23. Rxe6+ Kf5 24. Rxd6 Kxg4 25. Re6 Rad8 26. Re8 Kxf4 27. Rxh8 Rxh8 28. Re7 Rd8 29. Re8 Rd1+ 30. Kf2 Rd2+ 31. Ke1 1-0

[Event "*** Titled Tuesday Blitz"]
[Site "Chess.com"]
[Date "2020.03.03"]
[Round "6"]
[White "boasovietica"]
[Black "NMZanette"]
[Result "1-0"]
[WhiteElo "2472"]
[BlackElo "2248"]
[TimeControl "180+1"]
[EndTime "14:01:50 PST"]
[Termination "boasovietica won by resignation"]

1. Nf3 d5 2. b3 c6 3. Bb2 Nd7 4. e3 Ngf6 5. c4 e6 6. Nc3 Bd6 7. Qc2 O-O 8. g4 Ne5 9. Nxe5 Bxe5 10. Bd3 h6 11. f4 Nxg4 12. O-O-O Bxc3 13. Bxc3 Nf2 14. Rhg1 f6 15. Bh7+ Kh8 16. Rdf1 Ne4 17. Bxe4 dxe4 18.
Qxe4 Qe7 19. Rg6 Bd7 20. Rfg1 Rf7 21. Qg2 e5 22. Qg3 Bf5 23. fxe5 Bxg6 24. exf6 Rxf6 25. Bxf6 Qxf6 26. Qxg6 Qa1+ 27. Qb1 Qe5 28. Qb2 Qxb2+ 29. Kxb2 Rf8 30. Rg2 g5 31. Kc3 Rd8 32. d4 Kh7 33. e4 Kg6 34. d5 Re8 35. Kd4 h5 36. d6 b6 37. b4 g4 38. h3 Kg5 39. hxg4 hxg4 40. b5 cxb5 41. cxb5 Kf4 42. Rf2+ Kg3 43. Rf7 Kh2 44. d7 Rd8 45. e5 g3 46. e6 Rg8 47.
Rh7+ Kg1 48. e7 g2 49. e8=Q 1-0

[Event "*** Titled Tuesday Blitz"]
[Site "Chess.com"]
[Date "2020.03.03"]
[Round "6"]
[White "LarissaSteenbekkers"]
[Black "PawnEatingZombie"]
[Result "1/2-1/2"]
[WhiteElo "1860"]
[BlackElo "2209"]
[TimeControl "180+1"]
[EndTime "14:01:54 PST"]
[Termination "Game drawn by repetition"]

1. e4 c6 2. d4 d5 3. Nc3 dxe4 4.
Nxe4 Bf5 5. Ng3 Bg6 6. N1e2 e6 7. Nf4 Qc7 8. h4 Bd6 9. Nxg6 hxg6 10. Ne4 Bf4 11.
g3 Bxc1 12. Rxc1 Nd7 13. Bg2 Ngf6 14. O-O Nxe4 15. Bxe4 Nf6 16. Bg2 O-O 17. c3 a5 18. a3 Rad8 19. Qe2 a4 20. Rfd1 b5 21. Qf3 Nd5 22. h5 gxh5 23. Qxh5 Qe7 24. Re1 Qf6 25.
Re5 g6 26. Qe2 Kg7 27. Be4 Rd7 28. Kg2 Rc8 29. Rh1 Rdd8 30. Qd2 Rh8 31. Bxd5 cxd5 32. Ree1 g5 33. Qe2 Qf5 34. Rxh8 Rxh8 35. Rh1 Rxh1 36. Kxh1 g4 37. Qxb5 Qe4+ 38. Kg1 Qb1+ 39. Kh2 Qc2 40. Kg2 Qe4+ 41. Kg1 Qb1+ 42. Kg2 Qe4+ 43. Kg1 1/2-1/2

[Event "*** Titled Tuesday Blitz"]
[Site "Chess.com"]
[Date "2020.03.03"]
[Round "6"]
[White "SantoBlue"]
[Black "vladislavkovalev"]
[Result "0-1"]
[WhiteElo "2783"]
[BlackElo "2931"]
[TimeControl "180+1"]
[EndTime "14:01:58 PST"]
[Termination "vladislavkovalev won on time"]

1. e4 e5 2. Nf3 Nc6 3. Bb5 a6 4. Ba4 Nf6 5. d3 b5 6. Bb3 Be7 7. a4 Bb7 8. Nc3 b4 9. Nd5 d6 10. Nxf6+ Bxf6 11. Bd5 Na5 12. O-O Bxd5 13. exd5 O-O 14.
Nd2 g6 15. Ne4 Bg7 16. Bg5 f6 17. Bd2 c5 18. f4 f5 19. Ng5 Qd7 20. Ne6 Rf7 21.
b3 Nb7 22. Qe2 Bf6 23. Rae1 Nd8 24. Nxd8 Rxd8 25. Qf3 Re8 26. Re2 Rfe7 27. Rfe1 h5 28. Qg3 Kg7 29. h4 Qb7 30. fxe5 dxe5 31. d6 Re6 32. Qe3 Qd5 33. Qh6+ Kf7 34. Qh7+ Bg7 35. Bh6 Rg8 36. Bxg7 Rxg7 37. Qh8 Qxd6 38. Qc8 Qe7 39.
a5 Rg8 40. Qxe6+ Qxe6 41. Rxe5 Qd6 42. g3 Kf6 43. R5e3 g5 44. hxg5+ Rxg5 45. Kf2 h4 46. Rg1 hxg3+ 47. Rexg3 Qf4+ 0-1

[Event "*** Titled Tuesday Blitz"]
[Site "Chess.com"]
[Date "2020.03.03"]
[Round "6"]
[White "LucaBrasi1968"]
[Black "Sven_Tica"]
[Result "0-1"]
[WhiteElo "2489"]
[BlackElo "2664"]
[TimeControl "180+1"]
[EndTime "14:01:58 PST"]
[Termination "Sven_Tica won by resignation"]

1. d4 d5 2. c4 e6 3. Nc3 Nf6 4. cxd5 exd5 5. Bg5 c6 6. e3 Be6 7. Nf3 Nbd7 8. Bd3 h6 9. Bf4 g5 10.
Bg3 Nh5 11. Be5 Nxe5 12. Nxe5 Bd6 13. Qxh5 Qb6 14. Qe2 O-O-O 15. O-O h5 16. f4 gxf4 17. Rxf4 Rdg8 18. Bf5 Bxe5 19. dxe5 Rg5 20. Bxe6+ fxe6 21. Raf1 Rxe5 22. Rf8+ Rxf8 23. Rxf8+ Kd7 24. Rf7+ Kd6 25. Rf3 d4 26. Qd2 c5 27. Ne2 Ke7 28. exd4 cxd4 29. Rd3 Rd5 30. Nf4 Rf5 31. Ne2 e5 32. Ng3 Rf4 33.
Qe2 Qc5 34. h3 h4 35. Ne4 Qc1+ 36. Rd1 Rxe4 37. Qxe4 Qxd1+ 38. Kh2 Kd6 39. Qxb7 d3 40.
Qb8+ Kd5 41. Qd8+ Ke4 42. Qxh4+ Ke3 43. Qg3+ Kd2 44. Qxe5 Qe2 45. Qc3+ Kd1 46. b4 d2 47. a4 Ke1 48. b5 Qe4 49. Qg3+ Ke2 0-1

[Event "*** Titled Tuesday Blitz"]
[Site "Chess.com"]
[Date "2020.03.03"]
[Round "6"]
[White "Irishchessman16"]
[Black "kismet6"]
[Result "1-0"]
[WhiteElo "2184"]
[BlackElo "1979"]
[TimeControl "180+1"]
[EndTime "14:01:58 PST"]
[Termination "Irishchessman16 won on time"]

1. e4 c5 2. Nf3 Nc6 3. Bb5 Nd4 4. Nxd4 cxd4 5. O-O e6 6. d3 a6 7. Ba4 b5 8. Bb3 Bb7 9. a4 Qb6 10. f4 Nf6 11. Nd2 d5 12. e5 Nd7 13. axb5 axb5 14. Rxa8+ Bxa8 15. Nf3 Be7 16. Qe1 Qc7 17. Bd2 O-O 18.
Nxd4 Bc5 19. Be3 Qb6 20. c3 f6 21. exf6 Rxf6 22. Nc2 b4 23. cxb4 Bxe3+ 24. Qxe3 Qc7 25. Nd4 e5 26. Rc1 Qb8 27. Nc6 Bxc6 28. Rxc6 exf4 29.
Bxd5+ Kf8 30. Qc1 1-0

[Event "*** Titled Tuesday Blitz"]
[Site "Chess.com"]
[Date "2020.03.03"]
[Round "6"]
[White "jefferyx"]
[Black "Gabrielian_Artur"]
[Result "1/2-1/2"]
[WhiteElo "2941"]
[BlackElo "2784"]
[TimeControl "180+1"]
[EndTime "14:01:59 PST"]
[Termination "Game drawn by agreement"]

1. d4 Nf6 2. Nf3 e6 3. c4 c5 4. d5 exd5 5. cxd5 d6 6. Nc3 g6 7.
Nd2 Nbd7 8. e4 Bg7 9. Be2 O-O 10.
O-O Re8 11. Re1 Ne5 12. Nf1 a6 13. a4 Rb8 14. h3 c4 15. a5 b5 16. axb6 Qxb6 17. Ra2 Qb3 18. Qxb3 cxb3 19. Ra4 Ned7 20. Be3 Nc5 21. Bxc5 dxc5 22. Bxa6 Nd7 23. Bxc8 Rexc8 24. Nd2 Ne5 25. Nc4 Nxc4 26. Rxc4 Rb4 27. Rxb4 Bxc3 28. bxc3 cxb4 29. c4 Rxc4 30. Rb1 Rxe4 31. Rxb3 Re1+ 32.
Kh2 Rd1 33. Rxb4 Rxd5 34. h4 1/2-1/2

[Event "*** Titled Tuesday Blitz"]
[Site "Chess.com"]
[Date "2020.03.03"]
[Round "6"]
[White "TheBigBadChessDad"]
[Black "Snegokhod"]
[Result "0-1"]
[WhiteElo "2312"]
[BlackElo "2583"]
[TimeControl "180+1"]
[EndTime "14:02:00 PST"]
[Termination "Snegokhod won on time"]

1. d4 Nf6 2. Bf4 d5 3. e3 c5 4. Nd2 cxd4 5. exd4 Nc6 6. c3 g6 7. Bd3 Bg7 8. h3 O-O 9. Ngf3 Bf5 10. Bxf5 gxf5 11. g4 fxg4 12. hxg4 Nxg4 13. Ng5 Qd7 14. Nxh7 Rfe8 15. Qc2 e5 16. dxe5 Ncxe5 17. Kf1 Ng6 18. Bg3 d4 19. Nf3 d3 20. Qb3 Re2 21. Nhg5 Rae8 22. Rd1 d2 23. Rxd2 Rxd2 24. Nxd2 N6e5 25. Nde4 Qf5 26. Kg2 Nd3 27. Nd6 Nf4+ 28. Kf3 Ne5+ 29. Ke3 Nc4+ 30. Kf3 Nxd6 31. Bxf4 Re4 32. Rh4 Be5 33.
Nxe4 Qxe4+ 34. Kg3 Nf5+ 35. Kh2 Bxf4+ 36. Kg1 Nxh4 0-1

[Event "*** Titled Tuesday Blitz"]
[Site "Chess.com"]
[Date "2020.03.03"]
[Round "6"]
[White "Tayson_7"]
[Black "enriquetejedor"]
[Result "1-0"]
[WhiteElo "2716"]
[BlackElo "2555"]
[TimeControl "180+1"]
[EndTime "14:02:01 PST"]
[Termination "Tayson_7 won by checkmate"]

1. e4 c5 2. Nf3 Nc6 3. d4 cxd4 4. Nxd4 Nf6 5. Nc3 e5 6. Ndb5 d6 7. Bg5 a6 8. Na3 b5 9. Nd5 Be7 10. Bxf6 Bxf6 11. c4 O-O 12. cxb5 axb5 13. Bxb5 Nd4 14. Bd3 Bg5 15. O-O Rb8 16. Nc4 Be6 17. Nde3 g6 18.
b3 f5 19. f3 Qe7 20. Kh1 Bf4 21. Qe1 Qg5 22. g3 Bxe3 23. Qxe3 f4 24. Qd2 Bh3 25.
Rf2 Qe7 26. Rg1 Kh8 27. g4 h5 28. Bf1 hxg4 29. Bxh3 gxh3 30. Rg4 Kg7 31. Rf1 Rh8 32.
Rfg1 Rh6 33. Qd3 Ra8 34. a4 Qc7 35. Rxf4 exf4 36. Qxd4+ Kh7 37. Nxd6 Rh5 38. Qf6 Rd8 39. Qxg6+ Kh8 40. Qxh5+ Qh7 41. Nf7# 1-0

[Event "*** Titled Tuesday Blitz"]
[Site "Chess.com"]
[Date "2020.03.03"]
[Round "6"]
[White "djano"]
[Black "saikrishnaReturns"]
[Result "0-1"]
[WhiteElo "2389"]
[BlackElo "2646"]
[TimeControl "180+1"]
[EndTime "14:02:03 PST"]
[Termination "saikrishnaReturns won on time"]

1. d4 Nf6 2. Nf3 g6 3. g3 Bg7 4. Bg2 O-O 5. c4 d6 6. O-O Nbd7 7. Nc3 e5 8. Qc2 Re8 9. Rd1 exd4 10. Nxd4 a5 11. e3 Ne5 12. b3 h5 13. Bb2 h4 14. Nd5 Nh5 15. Nf4 Qg5 16. Nxh5 Qxh5 17. f3 hxg3 18. hxg3 c5 19. g4 Nxg4 20. fxg4 Bxg4 21.
Re1 cxd4 22. exd4 Bh6 23. Qf2 a4 24. Bxb7 Rab8 25. Bd5 Be6 26. Bxe6 fxe6 27. d5 axb3 28. dxe6 Qg4+ 29. Kh1 Rxe6 30. Rxe6 Qxe6 31. axb3 Qh3+ 32. Kg1 Be3 0-1

[Event "*** Titled Tuesday Blitz"]
[Site "Chess.com"]
[Date "2020.03.03"]
[Round "6"]
[White "RitvarsReimanis"]
[Black "aridannie"]
[Result "0-1"]
[WhiteElo "2610"]
[BlackElo "2448"]
[TimeControl "180+1"]
[EndTime "14:02:03 PST"]
[Termination "aridannie won by resignation"]

1. d4 Nf6 2. c4 g6 3. Nc3 Bg7 4. e4 d6 5. Be2 O-O 6. Nf3 Na6 7. O-O e5 8. Be3 c6 9. d5 Ng4 10. Bg5 f6 11. Bh4 h5 12. Ne1 c5 13. Rb1 Nh6 14.
f3 Nc7 15. Nd3 Qe8 16. b4 b6 17. bxc5 bxc5 18. Qb3 f5 19. Qa3 Bf6 20. Bf2 f4 21. Qa5 Bd8 22. Qa4 Bd7 23. Qa3 g5 24. Rb7 g4 25.
Rfb1 Qg6 26. Rxc7 Bxc7 27. Rb7 Rfc8 28. Bh4 gxf3 29. Bxf3 Bg4 30. Ne1 Bxf3 31. Nxf3 Ng4 32. Qa6 Ne3 33. Ne1 f3 34. g3 Rf8 35. Nd3 Bd8 36.
Bxd8 Raxd8 37. Qxa7 h4 38. Kf2 Ng4+ 39. Ke1 hxg3 40.
hxg3 f2+ 41. Ke2 f1=Q+ 0-1

[Event "*** Titled Tuesday Blitz"]
[Site "Chess.com"]
[Date "2020.03.03"]
[Round "6"]
[White "GrigorGrigorov"]
[Black "Indianlad"]
[Result "0-1"]
[WhiteElo "2752"]
[BlackElo "2939"]
[TimeControl "180+1"]
[EndTime "14:02:04 PST"]
[Termination "Indianlad won by resignation"]

1. d4 Nf6 2. c4 g6 3. Nf3 Bg7 4. g3 c5 5. Bg2 cxd4 6. Nxd4 h5 7. h4 O-O 8. O-O Nc6 9. Nc3 Ng4 10. e3 d6 11. b3 Bd7 12. Bb2 a6 13. Rc1 Rc8 14. Nd5 Nge5 15. Qd2 Bg4 16. f4 Nd7 17. e4 e5 18. Nxc6 bxc6 19. Ne3 exf4 20. Nxg4 hxg4 21. Bxg7 Kxg7 22. Rxf4 Ne5 23. Rd1 Qb6+ 24. Qf2 c5 25. Kh1 Rh8 26. Rf6 Rcd8 27. Qf4 Qb8 28. Kg1 Rd7 29.
Rd5 Qf8 30. Rd1 Qe7 31. Rf1 Rh5 32. Kh1 a5 33. a4 Rd8 34. Rf2 g5 35. Qf5 Rdh8 0-1

[Event "*** Titled Tuesday Blitz"]
[Site "Chess.com"]
[Date "2020.03.03"]
[Round "6"]
[White "JustDazzled"]
[Black "reigningmvp"]
[Result "0-1"]
[WhiteElo "1973"]
[BlackElo "2291"]
[TimeControl "180+1"]
[EndTime "14:02:04 PST"]
[Termination "reigningmvp won by resignation"]

1. c4 e5 2. g3 Nc6 3. Bg2 Bc5 4. Nc3 d6 5. e3 a6 6. Nge2 Ba7 7. O-O h5 8. h3 f5 9. h4 g5 10. hxg5 Qxg5 11. Nd5 Kd8 12. f4 Qg7 13. Kf2 e4 14.
Rh1 Be6 15. Nec3 Nh6 16. Bh3 Ng4+ 17. Bxg4 hxg4 18. d4 Kd7 19. Bd2 Rxh1 20. Qxh1 Rh8 21. Qg2 Bxd5 22. Nxd5 Nxd4 23. exd4 Qxd4+ 24. Ke1 Qxc4 25. Ne3 Bxe3 26. Bxe3 Qd3 27. Bg1 Rh3 28. Qf1 Rxg3 29. Qxd3 Rxd3 30. Ke2 Rh3 31. Rd1 c6 32. Bc5 d5 33. Bg1 Kc7 34. Rc1 b6 35. Rc3 Rxc3 36. bxc3 c5 37. Be3 Kc6 38. Kf2 Kb5 39. Ke2 Kc4 40.
Kd2 d4 41. cxd4 cxd4 42. Bg1 b5 43. Kc2 a5 44. Bf2 b4 45. Bg1 a4 46. Bf2 b3+ 47. axb3+ axb3+ 48. Kb2 e3 49. Be1 d3 50. Kc1 b2+ 51.
Kxb2 d2 0-1

[Event "*** Titled Tuesday Blitz"]
[Site "Chess.com"]
[Date "2020.03.03"]
[Round "6"]
[White "ChessPlayer202202"]
[Black "newauto"]
[Result "1/2-1/2"]
[WhiteElo "2287"]
[BlackElo "2025"]
[TimeControl "180+1"]
[EndTime "14:02:05 PST"]
[Termination "Game drawn by agreement"]

1. e4 c6 2. Nf3 d5 3. Nc3 dxe4 4. Nxe4 Bg4 5. h3 Bxf3 6. Qxf3 e6 7. b3 Nd7 8. Bb2 Ngf6 9. Bc4 Nxe4 10. Qxe4 Nf6 11.
Qe2 Bd6 12. a4 Qe7 13. a5 a6 14. O-O O-O 15. Bd4 e5 16. Bb6 Nd5 17. Be3 Nxe3 18.
Qxe3 Rad8 19. Rae1 Rfe8 20. Kh1 Bb4 21. c3 Bxa5 22. d4 b5 23. Bd3 Bxc3 24. Qe4 f5 25.
Qxc6 Bxe1 26. Rxe1 Rxd4 27. Bxf5 Rf4 28. Be4 Rxf2 29.
Qxa6 Ref8 30. Qxb5 Kh8 31. Qc4 Qf7 32. Bd5 Rf1+ 33.
Rxf1 Qxf1+ 34. Kh2 Qxc4 35. bxc4 Rf4 36. Kg3 Rd4 37.
Be6 Rd6 38. Bd5 g6 39. Kf3 Kg7 40. Ke4 Kf6 41. c5 Rd8 42. g4 g5 1/2-1/2

[Event "*** Titled Tuesday Blitz"]
[Site "Chess.com"]
[Date "2020.03.03"]
[Round "6"]
[White "iturrizaga"]
[Black "vladimirdamjanovic"]
[Result "1-0"]
[WhiteElo "2935"]
[BlackElo "2648"]
[TimeControl "180+1"]
[EndTime "14:02:06 PST"]
[Termination "iturrizaga won on time"]

1. c4 g6 2. g3 Bg7 3. Bg2 c5 4. Nc3 Nc6 5. Nf3 Nf6 6. O-O O-O 7. d4 cxd4 8. Nxd4 d5 9. cxd5 Nxd5 10.
Nxc6 bxc6 11. Ne4 Rb8 12. Qc2 Bf5 13. Rd1 Nb4 14. Qa4 Qc8 15. Bf4 Rb6 16. Qxa7 Rb7 17. Qa4 Nd5 18. Bd2 Rxb2 19. Rac1 Qa8 20. Qxa8 Rxa8 21.
Rxc6 Rbxa2 22. Rc5 e6 23. Rcc1 Rb2 24. Nd6 Bf8 25.
Nc4 Rba2 26. e4 Bg4 27. f3 Bc5+ 28. Kh1 Bh5 29. exd5 exd5 30. Ne5 Bd6 31. Nd3 g5 32. Bxg5 1-0

[Event "*** Titled Tuesday Blitz"]
[Site "Chess.com"]
[Date "2020.03.03"]
[Round "6"]
[White "nocnypako"]
[Black "Bulldog167"]
[Result "0-1"]
[WhiteElo "2582"]
[BlackElo "2769"]
[TimeControl "180+1"]
[EndTime "14:02:08 PST"]
[Termination "Bulldog167 won by checkmate"]

1. d4 Nf6 2. c4 e6 3. Nc3 Bb4 4.
e3 O-O 5. Bd2 b6 6. Nf3 Bb7 7.
Bd3 c5 8. O-O cxd4 9. exd4 d5 10. a3 Bxc3 11. Bxc3 dxc4 12. Bxc4 Nc6 13. Re1 Rc8 14.
Bd3 Ne7 15. Rc1 Ng6 16. Bb4 Re8 17. Bb5 Nd7 18. Ne5 Ngxe5 19. dxe5 Qg5 20. g3 Nxe5 21.
Bxe8 Rxc1 22. Qxc1 Nf3+ 23. Kf1 Nxh2+ 24. Kg1 Nf3+ 25.
Kf1 Nh2+ 26. Kg1 Qd5 27. Bxf7+ Kh8 28. f3 Qxf3 29. Qd2 Qh1+ 30. Kf2 Ng4+ 31. Ke2 Qf3# 0-1

[Event "*** Titled Tuesday Blitz"]
[Site "Chess.com"]
[Date "2020.03.03"]
[Round "6"]
[White "Aleksandr_Kozak"]
[Black "MikaelyanArman"]
[Result "1-0"]
[WhiteElo "2272"]
[BlackElo "2612"]
[TimeControl "180+1"]
[EndTime "14:02:09 PST"]
[Termination "Aleksandr_Kozak won by resignation"]

1. e4 d5 2. exd5 Qxd5 3. Nf3 Bg4 4. Be2 Nc6 5. d4 O-O-O 6. Be3 e5 7. c4 Qa5+ 8. Bd2 Bb4 9. d5 e4 10. Ng5 Bxe2 11. Qxe2 Ne5 12. O-O Nf6 13. Nc3 Rhe8 14. a3 Bxc3 15. Bxc3 Qc5 16. Bxe5 Rxe5 17. Nxf7 Rde8 18.
Nxe5 Rxe5 19. b4 Qe7 20. Qe3 Kb8 21. Rad1 Ng4 22. Qh3 h5 23. f3 exf3 24. Qxf3 Nf6 25. Qf4 a6 26. h3 Re4 27. d6 cxd6 28. Qxd6+ Qxd6 29. Rxd6 Rxc4 30. Re6 h4 31. Re7 Nh5 32. Rf8+ Ka7 33. Rff7 Ng3 34. Rxb7+ Ka8 35. Rbc7 Ne2+ 36. Kf2 Rxc7 37. Rxc7 Nf4 38. Rxg7 1-0

[Event "*** Titled Tuesday Blitz"]
[Site "Chess.com"]
[Date "2020.03.03"]
[Round "6"]
[White "Sashadav97"]
[Black "Nesty_Javi_Chess"]
[Result "1-0"]
[WhiteElo "2563"]
[BlackElo "2692"]
[TimeControl "180+1"]
[EndTime "14:02:10 PST"]
[Termination "Sashadav97 won by resignation"]

1. d4 Nf6 2. c4 g6 3. Nc3 Bg7 4. e4 d6 5. Nf3 O-O 6. Be2 e5 7. d5 Nbd7 8. Bg5 h6 9. Bh4 g5 10.
Bg3 a5 11. Nd2 Nc5 12. h4 g4 13. h5 Qe8 14. Qc2 a4 15. Rh4 a3 16. b4 Ncxe4 17.
Ndxe4 Nxe4 18. Nxe4 f5 19. Bd3 fxe4 20. Bxe4 Qe7 21.
c5 Qg5 22. cxd6 cxd6 23. Qc7 Bf5 24. Bxf5 Rxf5 25. Qxd6 e4 26. Rd1 Re8 27. Qg6 Qxg6 28. hxg6 e3 29. Rxg4 Bc3+ 30. Ke2 exf2+ 31. Kd3 f1=Q+ 32.
Rxf1 Rxf1 33. Kxc3 Rd1 34. d6 Kg7 35. Rd4 Rxd4 36.
Kxd4 Rd8 37. Kd5 Kxg6 38. Bh4 Rd7 39. Ke6 Rf7 40. d7 Rxd7 41. Kxd7 Kf5 42. Kc7 Ke4 43.
Kxb7 Kd3 44. b5 Kc2 45. Be7 Kb1 46. Bxa3 Kxa2 47. Be7 1-0

[Event "*** Titled Tuesday Blitz"]
[Site "Chess.com"]
[Date "2020.03.03"]
[Round "6"]
[White "Rubinstein_Akiba"]
[Black "saraswathii"]
[Result "1-0"]
[WhiteElo "2353"]
[BlackElo "2224"]
[TimeControl "180+1"]
[EndTime "14:02:12 PST"]
[Termination "Rubinstein_Akiba won by resignation"]

1. e4 c5 2. Be2 e6 3. f4 d5 4.
d3 Nc6 5. Nf3 Nf6 6. e5 Nd7 7.
O-O g6 8. c3 Bg7 9. d4 cxd4 10.
cxd4 O-O 11. Be3 Qb6 12. Qd2 f6 13. Nc3 a6 14. g4 Qc7 15. Kh1 b5 16. a3 Bb7 17. Rac1 Nb6 18. b3 Qe7 19. Nb1 Rac8 20. Bd3 Rc7 21. Rc5 Rfc8 22. Rfc1 Nd7 23. R5c2 Nb6 24.
exf6 Bxf6 25. Ne5 Nd8 26. Rxc7 Rxc7 27. Re1 Nd7 28. Rf1 Bg7 29. Qa5 Nxe5 30. fxe5 Nc6 31.
Qd2 Nxe5 32. Bg5 Qd6 33. dxe5 d4+ 34. Kg1 Bxe5 35. Qf2 b4 36. Bh6 Rc8 37. Qf7+ Kh8 38. Qxb7 Bxh2+ 39. Kh1 1-0

[Event "*** Titled Tuesday Blitz"]
[Site "Chess.com"]
[Date "2020.03.03"]
[Round "6"]
[White "Galiev_Azat"]
[Black "PNEPaul"]
[Result "1-0"]
[WhiteElo "2274"]
[BlackElo "1917"]
[TimeControl "180+1"]
[EndTime "14:02:14 PST"]
[Termination "Galiev_Azat won by resignation"]

1. d4 a6 2. Bf4 d6 3. e3 g6 4. Nf3 Nd7 5. h3 Bg7 6. Be2 e6 7. O-O Ne7 8. c4 h6 9. Nc3 b6 10. b4 Bb7 11. a4 f5 12. Qb3 O-O 13.
c5 d5 14. Rfc1 Rc8 15. b5 axb5 16. Qxb5 Bc6 17. Qb4 bxc5 18. dxc5 Rb8 19. Qa3 e5 20. Bh2 d4 21. exd4 exd4 22. Nb5 Bxb5 23. axb5 d3 24. Bxd3 Bxa1 25. Rxa1 Ra8 26. Qxa8 Qxa8 27.
Rxa8 Rxa8 28. Bxc7 Nxc5 29. Bc4+ Kh7 30. Bd6 Ra1+ 31. Kh2 Rc1 32. Bxc5 Rxc4 33. Bxe7 Rc7 34. Bd8 Rc8 35. Ba5 Ra8 36. Bc3 Rb8 37. Nd4 Rc8 38. Bb4 Rc4 39. Nc6 f4 40. Bd6 g5 41.
Ne5 Rc1 42. b6 Rb1 43. Bc7 Kg7 44. Nd7 Kf7 45. Nc5 Ke7 46. b7 Rxb7 47. Nxb7 Kd7 48. Be5 1-0

[Event "*** Titled Tuesday Blitz"]
[Site "Chess.com"]
[Date "2020.03.03"]
[Round "6"]
[White "chesstatour"]
[Black "ShahxaibKhan"]
[Result "1-0"]
[WhiteElo "2054"]
[BlackElo "2204"]
[TimeControl "180+1"]
[EndTime "14:02:16 PST"]
[Termination "chesstatour won by checkmate"]

1. c4 Nf6 2. Nc3 e5 3. Nf3 Bb4 4. d4 Bxc3+ 5. bxc3 Nc6 6. dxe5 Ng4 7. Bg5 f6 8. exf6 Nxf6 9. e3 O-O 10. Be2 d6 11. O-O Ne5 12. Nxe5 dxe5 13. Qxd8 Rxd8 14. Bf3 c6 15.
Rab1 Kf7 16. Rfd1 Rxd1+ 17. Bxd1 Ne4 18. Bh4 Nxc3 19. Ra1 Be6 20. Bb3 Ne4 21. Rd1 g5 22.
Bg3 Kf6 23. f3 Nxg3 24. hxg3 a5 25. c5 Bxb3 26. axb3 Ke7 27. Rd6 a4 28. bxa4 Rxa4 29. Rh6 Rb4 30. Rxh7+ Ke6 31. Rg7 Kd5 32. Rxg5 Rc4 33. f4 Kxc5 34. Rxe5+ Kd6 35. g4 b5 36. g5 Ra4 37. g6 Ra7 38. Re4 c5 39. f5 Kd5 40. Re8 b4 41. f6 b3 42. g7 b2 43.
g8=Q+ Kc6 44. Rb8 Ra1+ 45. Kh2 b1=Q 46. Rxb1 Rxb1 47. Qe6+ Kb5 48. f7 c4 49. f8=Q c3 50.
Qb8+ Ka4 51. Qa6# 1-0

[Event "*** Titled Tuesday Blitz"]
[Site "Chess.com"]
[Date "2020.03.03"]
[Round "6"]
[White "kasparicy"]
[Black "Harry_Rakkel"]
[Result "1-0"]
[WhiteElo "2370"]
[BlackElo "2514"]
[TimeControl "180+1"]
[EndTime "14:02:17 PST"]
[Termination "kasparicy won on time"]

1. e4 c5 2. Nf3 e6 3. d4 cxd4 4. Nxd4 Nc6 5. Nc3 d6 6. Be3 Nf6 7. g4 a6 8. g5 Nd7 9. h4 Qc7 10. Qd2 Nxd4 11. Bxd4 b5 12. O-O-O b4 13. Ne2 e5 14.
Be3 a5 15. Kb1 Bb7 16. Ng3 g6 17. h5 Nc5 18. Bb5+ Bc6 19. Bxc6+ Qxc6 20. f4 Be7 21. f5 Ra6 22. hxg6 fxg6 23. fxg6 b3 24. axb3 a4 25. b4 Nxe4 26. Nxe4 Qxe4 27. g7 Rg8 28. Rhe1 Qc4 29.
Qd3 1-0